 Dungeon Crawl Stone Soup version 0.27-a0-1595-g0b823d0a13 (webtiles) character file.

Game seed: 17415404860412858905

4 elagabalus the Sneak (level 1, -1/9 HPs)
             Began as a Spriggan Enchanter on July 20, 2021.
             Frozen to death by an endoplasm (5 damage)
             ... on level 1 of the Dungeon.
             The game lasted 00:02:23 (94 turns).

elagabalus the Sneak (Spriggan Enchanter)             Turns: 94, Time: 00:02:24

Health: -1/9       AC:  2    Str:  4    XL:     1   Next: 58%
Magic:  4/5        EV: 17    Int: 16    God:
Gold:   24         SH:  0    Dex: 15    Spells: 4/5 levels left

rFire    . . .     SeeInvis +   d - +0 short sword
rCold    . . .     Faith    .   (shield restricted)
rNeg     . . .     Spirit   .   b - +0 robe
rPois    .         Reflect  .   (helmet restricted)
rElec    .         Harm     .   (no cloak)
rCorr    .         Rampage  .   (gloves unavailable)
Will     .....                  (boots unavailable)
Stlth    +++.......             (no amulet)
HPRegen  0.03/turn              (no ring)
MPRegen  0.09/turn              (no ring)

@: very quick
A: very small, no large weapons, unfitting armour, see invisible, speed 3
a: no special abilities


You were on level 1 of the Dungeon.
You visited 1 branch of the dungeon, and saw 1 of its levels.

You collected 24 gold pieces.

Inventory:

Hand Weapons
 a - a +1 dagger
 d - a +0 short sword (weapon)
Armour
 b - a +0 robe (worn)
Potions
 c - a potion of might {unknown}


   Skills:
 - Level 1.1 Short Blades
 + Level 2.7 Dodging
 + Level 4.6 Stealth
 + Level 2.7 Spellcasting
 + Level 3.8 Hexes


You had 4 spell levels left.
You knew the following spells:

 Your Spells              Type           Power      Damage    Failure   Level
a - Corona                Hex            15%        N/A       4%          1

Your spell library contained the following spells:

 Spells                   Type           Power      Damage    Failure   Level
 Confusing Touch          Hex            14%        N/A       12%         3
 Tukima's Dance           Hex            14%        N/A       12%         3
 Ensorcelled Hibernation  Hex/Ice        16%        N/A       13%         2
 Dazzling Flash           Conj/Hex       16%        N/A       26%         3


Dungeon Overview and Level Annotations

Branches:
Dungeon (1/15)

Altars:


Innate Abilities, Weirdness & Mutations

You are very small and have problems with some larger weapons.
You are too small for most types of armour.
You have supernaturally acute eyesight. (SInv)
You cover ground extremely quickly. (Speed+++)


Message History

Things that are here:
a +0 short sword; a kobold corpse You are already wielding that!
Okay, then.
d - a +0 short sword Drop what? 4/52 slots (_ for help) (? for menu, Esc to quit)
Okay, then.
d - a +0 short sword (weapon)
Drop what? 4/52 slots (_ for help) (? for menu, Esc to quit)
Okay, then.
You now have 24 gold pieces (gained 12).
Magic restored.
A giant cockroach comes into view.
The helpless giant cockroach fails to defend itself.
You puncture the giant cockroach!
You kill the giant cockroach!
You open the door.
An endoplasm comes into view.
Found a scroll labelled CEGHOPS LIDDESK.
There is an open door here.
Casting: Corona (safe; 4% risk of failure)
Confirm with . or Enter, or press ? or * to list all spells.
Okay, then.
The endoplasm quivers.
The endoplasm hits you.
Casting: Corona (safe; 4% risk of failure)
Confirm with . or Enter, or press ? or * to list all spells.
Aiming: Corona (safe; 4% risk of failure)
Press: ? - help, Shift-Dir - straight line, f - endoplasm
Aim: an endoplasm (chance to affect: 68%)
The endoplasm is outlined in light.
The endoplasm misses you.
You hit the endoplasm but do no damage. The endoplasm freezes you.
You are frozen.
You hit the endoplasm.
The endoplasm is lightly wounded.
The endoplasm freezes you.
You are frozen.
Ouch! That really hurt!
You die...

#.......... #.
#.?....... #.
#........ #.
#.......####### #.
#.......'.....# #.
#......#####.#####.
#......# #†....#.
#......# #.###...
#J@....# #.# ###.
#......# #.# #.
######## #.# #. #.#
#. #.# #. #. #. #.


You could see an endoplasm (corona).

Vanquished Creatures
  A giant cockroach (D:1)
  A goblin (D:1)
  A kobold (D:1)
  A rat (D:1)
4 creatures vanquished.

Notes
Turn   | Place    | Note
-------+----------+-------------------------------------------
     0 | D:1      | elagabalus the Spriggan Enchanter began the quest for the
                  | Orb.
     0 | D:1      | Reached XP level 1. HP: 9/9 MP: 5/5
    94 | D:1      | Frozen to death by an endoplasm

Illustrated notes

Levels and vault maps discovered:
D:1:      matt_arrival_refuge, layout_basic, minmay_misc_feat_roman

Action                   || total
-------------------------++-------
Melee: Dagger            ||    11
       Short sword       ||     3
 Cast: Corona            ||     3
 Stab: Sleeping          ||     2
Armor: Robe              ||     1
Dodge: Dodged            ||     8

Table legend: (Time is in decaauts)
 A = Elapsed time spent in this place.
 B = Non-inter-level travel time spent in this place.
 C = Inter-level travel time spent in this place.
 D = Time resting spent in this place.
 E = Time spent auto-exploring this place.
 F = Levels seen in this place.
 G = Mean time per level.
                   A        B        C        D        E       F      G
               +--------+--------+--------+--------+--------+-----+--------+
         Total |     64 |     35 |     29 |      0 |      0 |   1 |   64.0 |
       Dungeon |     64 |     35 |     29 |      0 |      0 |   1 |   64.0 |
               +--------+--------+--------+--------+--------+-----+--------+

Top non-repeatable levels by time:
     D:1: 64 daAuts
